AoeStats
← El Fantasma de Pancho Villa

Black Forest

508055399Analyzed
4v4 RM · 12d ago on Sep 20, 2026· 19m 24s· 8 players
Game mode
Random Map
Map size
Large (8 player)
Population
200
Speed
Normal
Resources
Standard
Victory
Conquest
Starting age
Dark Age
Ending age
Imperial Age
RankedLock teamsTeams togetherTeam positionsShared explorationLock speedFull tech treeHidden civsTurbo modeCheats
Victory
Defeat
🇧🇷 Bulgarians · Brazil
1304
+9
🇸🇦 Franks · Saudi Arabia
1250
+10
🇧🇷 Bohemians · Brazil
1090
+17
🇧🇷 Persians · Brazil
1042
+19
🇺🇸 Cumans · United States
1147
-15
🇵🇪 Inca · Peru
1122
-14
🇳🇱 Khmer · Netherlands
1117
-14
🇷🇺 Britons · Russia
1082
-12
Kmioncito322
0:30 Loom
15:21 Feudal Age
17:07 Wheelbarrow
Serthirius
11:44 Feudal Age
14:52 Castle Age
12:41 Double-Bit Axe
12:38 Horse Collar
16:05 Bow Saw
17:11 Wheelbarrow
17:02 Loom
El Fantasma de Pancho Villa
0:59 Loom
13:06 Feudal Age
13:51 Man-at-Arms
15:05 Scale Mail Armor
DJAKONDA
12:04 Feudal Age
18:08 Castle Age
DKT | Franklin
0:28 Loom
11:20 Feudal Age
11:55 Double-Bit Axe
11:51 Horse Collar
18:12 Man-at-Arms
18:37 Arson
[GLD] PSK2000
8:06 Loom
11:38 Feudal Age
12:44 Man-at-Arms
Feioso
0:44 Loom
13:34 Feudal Age
20:24 Castle Age
20:07 Bloodlines
Capitão T
4:12 Loom
11:05 Feudal Age
11:49 Arson
15:00 Forging
17:13 Wheelbarrow
Connection lost

Rejoining the realm…

Still unreachable

The connection could not be restored.

Session expired

The server has moved on; the page needs a fresh start.